 Dungeon Crawl Stone Soup version 0.18.1-50-g88ac8fd (webtiles) character file.

21 ololoev the Magician (level 2, -1/15 HPs)
             Began as a Deep Elf Fire Elementalist on Dec 7, 2016.
             Slain by Natasha (4 damage)
             ... on level 3 of the Dungeon.
             The game lasted 00:04:26 (302 turns).

ololoev the Magician (Deep Elf Fire Elementalist)    Turns: 302, Time: 00:04:31

Health: -1/15      AC:  3    Str:  3    XL:     2   Next: 65%
Magic:  1/8        EV: 13    Int: 19    God:
Gold:   56         SH:  0    Dex: 15    Spells: 1 memorised, 7 levels left

rFire  . . .     SeeInvis .     b - book of Flames
rCold  . . .     Gourm    .     a - +0 robe
rNeg   . . .     Faith    .     (no shield)
rPois  .         Spirit   .     h - +0 helmet
rElec  .         Dismiss  .     (no cloak)
rCorr  .         Reflect  .     (no gloves)
SustAt .         Harm     .     (no boots)
MR     .....                    (no amulet)
Stlth  ++........               (no ring)
                                f - -2 ring of strength (curse)

@: slowed, very slow, not resistant to hostile enchantments, unstealthy
A: no striking features
a: no special abilities

Inventory:

Armour
 a - a +0 robe (worn)
 h - a +0 helmet (worn)
Jewellery
 f - a cursed -2 ring of strength (left hand)
Scrolls
 e - 2 scrolls of enchant weapon {unknown}
 g - a scroll of identify {unknown}
Potions
 d - a potion of degeneration {unknown}
Books
 b - a book of Flames (in hand)

   Spells                             Type                      Level
   a - Flame Tongue                   Conjuration/Fire             1
   b - Throw Flame                    Conjuration/Fire             2
   c - Conjure Flame                  Conjuration/Fire             3
   d - Inner Flame                    Hexes/Fire                   3
   e - Sticky Flame                   Conjuration/Fire             4
   f - Fireball                       Conjuration/Fire             5
Comestibles
 c - a bread ration


   Skills:
 - Level 2.4 Dodging
 - Level 2.4 Stealth
 + Level 3.5 Spellcasting
 + Level 2.1 Conjurations
 + Level 3.5 Fire Magic


You had 7 spell levels left.
You knew the following spells:

 Your Spells              Type           Power        Failure   Level  Hunger
a - Flame Tongue          Conj/Fire      ##...        6%          1    None


You were on level 3 of the Dungeon.
You were not hungry.

You visited 1 branch of the dungeon, and saw 3 of its levels.

You collected 56 gold pieces.

# #..#..#
###.##..#..#.#
#..........#..#
###.##.<......# ..
#.......#..#..#...
........#..#.....#
........#..#.#...##
.................$.
.....#...@.........
.....#.##h..#......
.....#......#..>.g.
.... #.###....# #..
...............
................#
.##..............
.!........#..#.
....##..#.#..#

Notes
Turn   | Place    | Note
--------------------------------------------------------------
     0 | D:1      | ololoev the Deep Elf Fire Elementalist began the quest for the Orb.
     0 | D:1      | Reached XP level 1. HP: 10/10 MP: 6/6
   107 | D:1      | Reached XP level 2. HP: 15/15 MP: 2/8
   243 | D:1      | DEFE: yo
   247 | D:1      | ololoev: hi
   247 | D:1      | DEFE: я на клане пока
   247 | D:1      | ololoev: mummy tabber
   247 | D:1      | DEFE: мумия крутая
   247 | D:1      | ololoev: это ты постоянно запускаешь свою игру на схс?
   249 | D:2      | DEFE: да
   250 | D:2      | DEFE: лол
   251 | D:2      | DEFE: анлимитед таб
   256 | D:2      | DEFE: Абисс 5 и экзек хаоса
   257 | D:2      | DEFE: что еще нужно?
   294 | D:3      | Noticed Natasha
   295 | D:3      | Noticed Ijyb
   302 | D:3      | Slain by Natasha

Dungeon Overview and Level Annotations

Branches:
Dungeon (3/15)

Altars:

Annotations:
D:3 Ijyb, Natasha


Message History

There is a stone staircase leading down here.
You swing at nothing.
You swing at nothing.
You swing at nothing.
You swing at nothing.
You swing at nothing.
You swing at nothing.
You swing at nothing.
You swing at nothing.
You swing at nothing.
You swing at nothing.
You swing at nothing.
You swing at nothing.
You swing at nothing.
You swing at nothing.
You swing at nothing.
You swing at nothing.
You swing at nothing.
You swing at nothing.
You swing at nothing.
You climb downwards.
A bat comes into view.
Found a helmet.
There is a stone staircase leading up here.
Casting: Flame Tongue
Confirm with . or Enter, or press ? or * to list all spells.
Aiming: Flame Tongue
Press: ? - help, Shift-Dir - straight line, f - bat
Aim: a bat (resting)
The flame tongue hits the bat.
You kill the bat!
You see here a helmet.
h - a helmet Wear which item? (? for menu, Esc to quit)
You start putting on your armour.
You continue putting on your helmet. x4
You finish putting on your +0 helmet.
Natasha, Servant of Life and Death comes into view.
Natasha hisses angrily.
Natasha moves out of view.
Ijyb the Twisted Goblin comes into view.
He is wielding a dagger.
Found 11 gold pieces and an emerald potion.
Found a stone staircase leading down.
Casting: Flame Tongue
Confirm with . or Enter, or press ? or * to list all spells.
You can't see any susceptible monsters within range! (Use Z to cast anyway.)
Casting: Flame Tongue
Confirm with . or Enter, or press ? or * to list all spells.
Aiming: Flame Tongue
Press: ? - help, Shift-Dir - straight line, f - Natasha
Aim: Natasha The flame tongue hits Natasha.
Natasha is moderately wounded.
Natasha stares at you and mumbles some strange words.
You feel yourself slow down.
Casting: Flame Tongue
Confirm with . or Enter, or press ? or * to list all spells.
Aiming: Flame Tongue
Press: ? - help, Shift-Dir - straight line, f/p - Natasha
Aim: Natasha (moderately wounded)
The flame tongue misses Natasha.
Casting: Flame Tongue
Confirm with . or Enter, or press ? or * to list all spells.
Aiming: Flame Tongue
Press: ? - help, Shift-Dir - straight line, f/p - Natasha
Aim: Natasha (lightly wounded)
The flame tongue hits Natasha.
Natasha is moderately wounded.
Natasha closely misses you.
Casting: Flame Tongue
Confirm with . or Enter, or press ? or * to list all spells.
Aiming: Flame Tongue
Press: ? - help, Shift-Dir - straight line, f/p - Natasha
Aim: Natasha (moderately wounded)
The flame tongue hits Natasha.
Natasha is severely wounded.
Natasha casts a spell at you. The magic dart hits you!
Ouch! That really hurt!
Natasha claws you.
You die...

You could see Natasha.

Vanquished Creatures
  2 bats
  A giant cockroach (D:1)
  3 goblins (D:1)
  A hobgoblin (D:1)
  4 jackals (D:2)
  3 kobolds (D:1)
  A giant newt (D:1)
  4 rats
19 creatures vanquished.

Action                   || total
-------------------------++-------
 Cast: Flame Tongue      ||    29
Armor: Robe              ||     1
Dodge: Dodged            ||     4

Vault maps used:
D:1:      sevenhm_arrival_forest_fort_small_6
D:2:      first_bread
D:3:      uniq_iyjb, uniq_natasha
